 Dungeon Crawl Stone Soup version 0.29-a0-315-gaf6dd05e2f (webtiles) character file.

Game seed: 13469664523323062916

9603 Inarius the Gouger (level 11, 0/49 HPs)
             Began as a Felid Chaos Knight on Mar 28, 2022.
             Was a Plaything of Xom.
             Slain by a vampire mosquito (11 damage)
             ... on level 11 of the Dungeon on Mar 29, 2022.
             The game lasted 00:30:11 (18748 turns).

Inarius the Gouger (Felid Chaos Knight)            Turns: 18748, Time: 00:30:12

Health: 0/49       AC:  2    Str:  7 (8)  XL:     11   Next: 25%
Magic:  17/17      EV: 29    Int: 11 (13) God:    Xom [..*...]
Gold:   548        SH:  0    Dex: 24 (25) Spells: 14/17 levels left
                                        Lives:  0   Deaths: 3

rFire   . . .      SeeInvis +     - Unarmed
rCold   . . .      Faith    .   (shield unavailable)
rNeg    . . .      Spirit   .   (body armour unavailable)
rPois   .          Reflect  .   (helmet unavailable)
rElec   .          Harm     .   (cloak unavailable)
rCorr   .          Rampage  .   (gloves unavailable)
Will    +....      Clarity  +   (boots unavailable)
Stlth   +++++..... Rnd*Tele +   (no amulet)
HPRegen 0.16/turn               l - +4 ring of evasion
MPRegen 0.15/turn               s - +6 ring of dexterity

@: quick
A: very small, claws 1, fangs 3, see invisible, speed 1, shaggy fur 2, stealthy
paws, no weapons or thrown items, no armour, multi-lived, clarity, deterioration
1, dopey 1, screaming 1, teleportitis 1
a: Renounce Religion


You were on level 11 of the Dungeon.
You worshipped Xom.
You were a toy of Xom.
You visited 1 branch of the dungeon, and saw 11 of its levels.
You also visited: Ossuary and Bailey.

You collected 692 gold pieces.
You spent 144 gold pieces at shops.

Inventory:

Jewellery
 d - a ring of protection from fire
 e - a ring of flight
 g - a ring of positive energy
 l - a +4 ring of evasion (left paw)
 s - a +6 ring of dexterity (right paw)
Wands
 f - a wand of digging (16)
 w - a wand of flame (22)
 y - a wand of polymorph (1)
 z - a wand of iceblast (5)
Scrolls
 b - 2 scrolls of fog
 c - 4 scrolls of vulnerability
 j - 6 scrolls of teleportation
 k - a scroll of silence {unknown}
 n - 4 scrolls of amnesia {unknown}
 r - 5 scrolls of blinking
 t - 4 scrolls of immolation
 v - a scroll of fear
 A - a scroll of identify
Potions
 h - 4 potions of curing
 i - 2 potions of might
 m - a potion of invisibility {unknown}
 o - a potion of attraction
 p - a potion of cancellation {unknown}
 q - a potion of brilliance {unknown}
 u - 4 potions of haste {unknown}
 x - 4 potions of ambrosia
Miscellaneous
 a - a piece from Xom's chessboard (2/15) (quivered)


   Skills:
 * Level 6.8 Fighting
 + Level 8.5 Dodging
 + Level 11.4 Stealth
 + Level 11.9 Unarmed Combat
 + Level 3.8 Spellcasting
 + Level 5.0 Transmutations
 + Level 0.2 Poison Magic
 * Level 6.6 Evocations


You had 14 spell levels left.
You knew the following spells:

 Your Spells              Type           Power      Damage    Failure   Level
a - Spider Form           Tmut/Pois      8%         N/A       24%         3

Your spell library contained the following spells:

 Spells                   Type           Power      Damage    Failure   Level
 Corpse Rot               Necr/Air       4%         N/A       36%         2
 Ensorcelled Hibernation  Hex/Ice        4%         N/A       36%         2
 Ozocubu's Armour         Ice            2%         N/A       58%         3
 Stone Arrow              Conj/Erth      4%         3d7       58%         3
 Anguish                  Hex/Necr       1%         N/A       94%         4
 Dispel Undead            Necr           2%         3d7       94%         4
 Metabolic Englaciation   Hex/Ice        1%         N/A       100%        5
 Death Channel            Necr           1%         N/A       100%        6
 Simulacrum               Ice/Necr       1%         N/A       100%        6
 Ozocubu's Refrigeration  Ice            1%         4d5       100%        7
 Lehudib's Crystal Spear  Conj/Erth      1%         10d2      100%        8
 Animate Armour           Summ/Erth      Unusable   N/A       N/A         4

Dungeon Overview and Level Annotations

Branches:
Dungeon (11/15)            Temple (0/1) D:6            Lair (0/6) D:9
    Orc (0/2) D:9         Ossuary (visited)          Bailey (visited)

Altars:
Ashenzari
Dithmenos
Fedhas
Gozag
Kikubaaqudgha
Nemelex Xobeh
Qazlal
Trog
Vehumet
Xom
Yredelemnul
Zin
The Shining One

Shops:
D:2 ?(

Annotations:
D:8 1 runed translucent door, p0werm0de's ghost, novice DsMo


Innate Abilities, Weirdness & Mutations

You have sharp claws.
You have razor-sharp teeth.
You have supernaturally acute eyesight. (SInv)
You cover ground quickly. (Speed+)
You are covered in thick fur. (AC +2)
Your paws help you pounce on unaware monsters.
You are incapable of wielding weapons or throwing items.
You cannot wear armour.
You gain extra lives every three experience levels.
You possess an exceptional clarity of mind.
Your body sometimes deteriorates upon taking damage.
You are dopey. (Int -2)
You occasionally shout uncontrollably at your foes.
You are occasionally teleported next to monsters.


Message History

* * * LOW HITPOINT WARNING * * *
The vampire mosquito draws strength from your injuries!
Okay, then.
Unknown command.
The vampire mosquito attacks as you move away!
The vampire mosquito completely misses you.
The vampire mosquito attacks as you move away!
The vampire mosquito completely misses you.
You yowl at the orc! 2 orcs come into view.
The orc shouts!
The vampire mosquito bites you.
* * * LOW HITPOINT WARNING * * *
The vampire mosquito draws strength from your injuries!
Unknown command.
Aiming: Iceblast
Press: ? - help, Shift-Dir - straight line That beam is likely to hit you.
Continue anyway?
Okay, then.
Unknown command.
You barely miss the vampire mosquito.
The vampire mosquito is moderately damaged.
The vampire mosquito misses you.
The vampire mosquito closely misses you.
Aiming: Iceblast
Press: ? - help, Shift-Dir - straight line, f - orc
Aim: an orc, wielding a +0 whip and wearing a +0 leather armour The mass of ice explodes!
The iceblast engulfs the orc!
You kill the orc!
The iceblast engulfs the orc!!
You kill the orc!
The vampire mosquito barely misses you.
The vampire mosquito completely misses you.
Unknown command.
You claw the vampire mosquito!
The vampire mosquito is almost destroyed.
The vampire mosquito completely misses you.
The vampire mosquito bites you!
You die... "I guess I need a new plaything now."

######## #......# #@####.#
#######y# #.# #..†...o# #.#
#.####.#####.# #.###))...##.#
##########......P...#.###########
...............P.P...............
...........#..........###########
############..P.8..P..###########


You could see a vampire mosquito and an orc wizard.

Vanquished Creatures
  2 two-headed ogres (D:8)
  A skeletal warrior (D:10)
  Pikel (D:7)
  Maurice (D:10)
  Joseph (D:7)
  2 gargoyles
  Psyche (D:9)
  2 kobold demonologists (D:11)
  8 yaks
  2 wyverns
  4 wraiths
  Menkaure (D:7)
  A warg (D:9)
  2 vampire mosquitoes (D:11)
  2 water moccasins
  3 acid dragons
  Duvessa (D:7)
  12 orc warriors
  2 ice beasts
  A sky beast (D:9)
  A black bear (D:7)
  2 boggarts (D:8)
  4 ogres
  2 phantoms
  6 kobold brigands
  4 bullfrogs
  A gnoll sergeant (D:5)
  4 scorpions
  A necrophage (D:5)
  Dowan (D:7)
  2 howler monkeys
  3 electric eels
  A hound (D:7)
  5 human zombies (Ossuary)
  A gnoll shaman (D:6)
  11 orc priests
  13 orc wizards
  Jessica (D:2)
  3 iguanas
  6 mummies
  6 adders
  7 gnolls
  A shadow imp (D:8)
  4 white imps
  3 worms
  3 dart slugs
  36 orcs
  3 ball pythons
  6 bats
  11 endoplasms
  2 giant cockroaches
  10 goblins
  7 hobgoblins
  5 jackals
  4 quokkas
  5 frilled lizards
  A gnoll zombie (Ossuary)
  A goblin zombie (D:7)
  A hobgoblin zombie (Ossuary)
  35 kobolds
  2 orc zombies
  2 rats
277 creatures vanquished.

Vanquished Creatures (collateral kills)
  A yak (D:8)
  A warg (D:6)
  An orc warrior (D:9)
  A goblin (D:9)
4 creatures vanquished.

Vanquished Creatures (others)
  A wizard (D:5)
  7 fungi (D:11)
  A plant (D:9)
9 creatures vanquished.

Grand Total: 290 creatures vanquished

Notes
Turn   | Place    | Note
-------+----------+-------------------------------------------
     0 | D:1      | Inarius the Felid Chaos Knight began the quest for the Orb.
     0 | D:1      | Reached XP level 1. HP: 10/10 MP: 2/2
     9 | D:1      | XOM: silly message
   173 | D:1      | Reached XP level 2. HP: 7/14 MP: 3/3
   372 | D:1      | XOM: silly message
   381 | D:1      | Reached skill level 1 in Stealth
   571 | D:1      | XOM: cloud trail
   580 | D:1      | XOM: silly message
   673 | D:1      | XOM: butterfly on damage
   934 | D:1      | XOM: silly message
  1082 | D:1      | Reached skill level 1 in Evocations
  1180 | D:1      | XOM: divination: magic mapping
  1191 | D:1      | XOM: divination: detect creatures
  1434 | D:2      | Reached XP level 3. HP: 17/17 MP: 4/4
  1438 | D:2      | Found Mynul's Magic Scroll Boutique.
  1445 | D:2      | Bought a scroll of fear for 42 gold pieces
  1688 | D:2      | Found a faded altar of an unknown god.
  1736 | D:2      | Found Gahofy's Antique Weapon Shop.
  1873 | D:2      | Noticed Jessica
  1940 | D:2      | Killed Jessica
  2071 | D:2      | XOM is BORED!
  2133 | D:2      | XOM: silly message
  2402 | D:3      | Reached XP level 4. HP: 21/21 MP: 5/5
  2492 | D:3      | Found an ancient bone altar of Kikubaaqudgha.
  2517 | D:3      | Found a basalt altar of Yredelemnul.
  2533 | D:3      | XOM: butterfly on damage
  2703 | D:2      | XOM: noise
  2851 | D:3      | XOM: god gift: wand of iceblast (7)
  2974 | D:3      | Reached XP level 5. HP: 10/24 MP: 6/6
  3045 | D:3      | XOM: cloud trail
  3172 | D:3      | XOM: give mutations
  3172 | D:3      | Gained mutation: You are weak. (Str -2) [Xom's mischief]
  3172 | D:3      | Gained mutation: You are very weak. (Str -4) [Xom's
                  | mischief]
  3172 | D:3      | Gained mutation: You are frail. (-10% HP) [Xom's mischief]
  3182 | D:3      | XOM: butterfly on damage
  3207 | D:3      | XOM: summons 1 hostile demon
  3916 | D:3      | Found a shadowy altar of Dithmenos.
  3961 | D:4      | XOM: stat loss: -1 Dex (16/17)
  4099 | D:4      | Noticed a phantom
  4136 | D:4      | Killed a phantom
  4250 | D:4      | Gained mutation: You are covered in thick fur. (AC +2)
                  | [Felid growth]
  4250 | D:4      | Reached XP level 6. HP: 25/25 MP: 7/7
  4601 | D:4      | Found a broken altar of Ashenzari.
  4680 | D:5      | Entered Level 5 of the Dungeon
  4775 | D:5      | Noticed an ice beast
  4775 | D:5      | XOM: silly message
  4861 | D:5      | XOM: 2-stop teleportation journey
  4910 | D:5      | Reached skill level 5 in Stealth
  4916 | D:5      | Learned a level 3 spell: Spider Form
  4982 | D:5      | XOM: scenery: create altars
  4983 | D:5      | XOM: butterfly on damage
  4986 | D:5      | Reached skill level 5 in Unarmed Combat
  4991 | D:5      | Mangled by a gnoll sergeant
  4992 | D:5      | Reached XP level 5. HP: -7/21 MP: 6/6
  5034 | D:5      | Noticed an ogre
  5053 | D:5      | XOM: chaos cloud
  5058 | D:5      | XOM: swap monsters
  5059 | D:5      | Reached XP level 6. HP: 18/25 MP: 7/7
  5091 | D:5      | XOM: silly message
  5096 | D:5      | XOM: 2-stop teleportation journey
  5184 | D:5      | Reached skill level 1 in Transmutations
  5289 | D:5      | Reached skill level 1 in Spellcasting
  5289 | D:5      | Reached XP level 7. HP: 27/27 MP: 9/9
  5479 | D:5      | Found a bloodstained altar of Trog.
  5481 | D:5      | Noticed a wizard
  5485 | D:5      | Killed a wizard
  5637 | D:5      | Reached skill level 5 in Dodging
  5729 | D:5      | XOM: blink monster(s)
  5739 | D:5      | Killed from afar by an orc wizard
  5740 | D:5      | Reached XP level 6. HP: 0/25 MP: 9/9
  5901 | D:6      | Found a radiant altar of Vehumet.
  5932 | D:6      | XOM: enchant monster (good)
  6153 | D:5      | XOM: god gift: great sword {god gift}
  6263 | D:6      | Reached XP level 7. HP: 27/27 MP: 10/10
  6472 | D:6      | XOM: fog
  6647 | D:6      | XOM: scenery: summon butterflies
  6691 | D:6      | XOM: polymorph ice beast -> warg
  6692 | D:6      | XOM: divination: magic mapping
  6694 | D:6      | XOM: summons 7 friendly demons
  6866 | D:6      | XOM: 1-stop teleportation journey
  7022 | D:6      | XOM: polymorph ogre -> water moccasin
  7228 | D:2      | Bought a scroll of teleportation for 36 gold pieces
  7228 | D:2      | Bought a scroll of fog for 24 gold pieces
  7228 | D:2      | Bought a scroll of magic mapping for 42 gold pieces
  7403 | D:6      | Found a stormy altar of Qazlal.
  7582 | D:6      | XOM: potion effect (brilliance)
  7757 | D:6      | Reached XP level 8. HP: 27/32 MP: 12/12
  7859 | D:6      | XOM: give mutation
  7859 | D:6      | Gained mutation: Your flesh is cold resistant. (rC+) [Xom's
                  | grace]
  7902 | D:6      | XOM: give mutation
  7902 | D:6      | Lost mutation: You are very weak. (Str -4) [Xom's mischief]
  8046 | D:6      | Found a staircase to the Ecumenical Temple.
  8129 | D:7      | Lost mutation: Your flesh is cold resistant. (rC+) [potion
                  | of mutation]
  8129 | D:7      | Lost mutation: You are frail. (-10% HP) [potion of
                  | mutation]
  8129 | D:7      | Gained mutation: Your spells are a little easier to cast,
                  | but a little less powerful. [potion of mutation]
  8146 | D:7      | Noticed Dowan
  8146 | D:7      | XOM: 4-stop teleportation journey
  8152 | D:7      | Found a sand-covered staircase.
  8157 | Ossuary  | Entered an ossuary
  8251 | Ossuary  | XOM: butterfly on damage
  8731 | D:7      | Noticed Duvessa
  8752 | D:7      | Killed Duvessa
  8808 | D:7      | XOM: cast spell 'Summon Small Mammal'
  8810 | D:7      | Killed Dowan
  9002 | D:7      | Found a sparkling altar of Nemelex Xobeh.
  9201 | D:7      | Noticed Menkaure
  9204 | D:7      | XOM: butterfly on damage
  9210 | D:7      | Killed Menkaure
  9342 | D:7      | Noticed Joseph
  9358 | D:7      | Killed Joseph
  9359 | D:7      | Reached skill level 5 in Evocations
  9359 | D:7      | Reached XP level 9. HP: 19/39 MP: 14/14
  9561 | D:7      | Noticed Pikel
  9564 | D:7      | XOM: summons 2 friendly demons
  9578 | D:7      | Killed Pikel
  9682 | D:7      | XOM: god gift: scroll labelled NOARCH OTYINI {god gift}
  9913 | D:7      | Upgraded the game from 0.29-a0-311-gcbd9eb2193 to
                  | 0.29-a0-315-gaf6dd05e2f
  9936 | D:8      | Noticed a two-headed ogre
  9940 | D:8      | Killed a two-headed ogre
 10016 | D:8      | XOM is BORED!
 10039 | D:8      | XOM: polymorph kobold brigand -> boggart
 10110 | D:7      | XOM: god gift: 4 datura-tipped darts
 10167 | D:8      | XOM: polymorph kobold brigand -> boggart
 10280 | D:8      | Found a runed translucent door.
 10280 | D:8      | Noticed p0werm0de's ghost (novice DsMo)
 10370 | D:8      | Found a blossoming altar of Fedhas.
 10373 | D:8      | Found a glowing silver altar of Zin.
 10593 | D:8      | XOM: scenery: summon butterflies
 10803 | D:8      | XOM: divination: detect items
 10885 | D:8      | Found an opulent altar of Gozag.
 10897 | D:8      | Reached skill level 5 in Transmutations
 11330 | D:8      | XOM: god gift: 2 potions of ambrosia
 11443 | D:9      | XOM: confuse monster(s)
 11456 | D:9      | XOM: destruction
 11476 | D:8      | Reached XP level 10. HP: 18/43 MP: 16/16
 11569 | D:8      | XOM: stat loss: -1 Int (14/15)
 11663 | D:9      | XOM: silly message
 11669 | D:9      | Found a staircase to the Orcish Mines.
 11717 | D:9      | XOM: blink monster(s)
 11726 | D:9      | HP: 1/43 [orc warrior/+0 halberd (24)]
 11727 | D:9      | XOM: divination: detect items
 11769 | D:9      | Noticed a two-headed ogre
 11778 | D:8      | XOM: summons 8 friendly demons
 11779 | D:8      | Mangled by a two-headed ogre
 11780 | D:8      | Reached XP level 9. HP: -8/40 MP: 15/15
 11820 | D:8      | XOM: fog
 11836 | D:8      | Killed a two-headed ogre
 11837 | D:8      | Reached skill level 5 in Fighting
 11837 | D:8      | Reached skill level 10 in Stealth
 11846 | D:9      | XOM: polymorph warg -> worm
 11856 | D:9      | XOM: polymorph warg -> sky beast
 11861 | D:9      | Reached skill level 10 in Unarmed Combat
 11864 | D:9      | XOM: confuse monster(s)
 11900 | D:9      | Found a flagged portal.
 11908 | Bailey   | Entered a bailey
 11974 | Bailey   | XOM: summons 2 friendly demons
 11978 | Bailey   | XOM: scenery: summon butterflies
 12274 | Bailey   | XOM: divination: detect creatures
 12310 | Bailey   | XOM: 1-stop teleportation journey
 12410 | Bailey   | XOM: give mutations
 12410 | Bailey   | Gained mutation: A frigid envelope surrounds you and
                  | freezes all who hurt you. [Xom's mischief]
 12410 | Bailey   | Gained mutation: You have a somewhat thin skeletal
                  | structure. (Dex +2, Stealth+) [Xom's mischief]
 12410 | Bailey   | Gained mutation: You are frail. (-10% HP) [Xom's mischief]
 12792 | Bailey   | XOM: butterfly on damage
 13007 | Bailey   | XOM: give mutations
 13007 | Bailey   | Gained mutation: You occasionally shout uncontrollably at
                  | your foes. [Xom's mischief]
 13007 | Bailey   | Lost mutation: You have a somewhat thin skeletal structure.
                  | (Dex +2, Stealth+) [Xom's mischief]
 13007 | Bailey   | Lost mutation: You occasionally shout uncontrollably at
                  | your foes. [Xom's mischief]
 13066 | Bailey   | XOM: confuse monster(s)
 13142 | Bailey   | XOM: summons friendly shadow imp
 13304 | Bailey   | XOM: confuse monster(s)
 13306 | Bailey   | XOM: confuse monster(s)
 13318 | Bailey   | XOM: cast spell 'Leda's Liquefaction'
 13326 | Bailey   | Reached XP level 10. HP: 27/40 MP: 16/16
 13517 | D:9      | XOM: butterfly on damage
 13667 | D:8      | XOM: silly message
 13785 | D:9      | XOM: divination: detect creatures
 14054 | D:9      | Found a staircase to the Lair.
 14094 | D:8      | HP: 2/40 [wyvern (1)]
 14205 | D:8      | XOM: silly message
 14225 | D:8      | XOM: silly message
 14284 | D:8      | Lost mutation: A frigid envelope surrounds you and freezes
                  | all who hurt you. [potion of mutation]
 14284 | D:8      | Lost mutation: Your spells are a little easier to cast, but
                  | a little less powerful. [potion of mutation]
 14284 | D:8      | Lost mutation: You are weak. (Str -2) [potion of mutation]
 14285 | D:8      | Lost mutation: You are frail. (-10% HP) [potion of
                  | mutation]
 14285 | D:8      | Gained mutation: You are partially covered in large bone
                  | plates. (SH +4) [potion of mutation]
 14304 | D:8      | XOM: butterfly on damage
 14311 | D:8      | XOM: potion effect (brilliance)
 14507 | D:9      | XOM: summons 6 hostile demons
 14599 | D:9      | You fall into a shaft and drop 1 floor!
 14599 | D:10     | Entered Level 10 of the Dungeon
 14702 | D:8      | XOM: give mutations
 14702 | D:8      | Gained mutation: You passively dampen the noise of your
                  | surroundings. [Xom's mischief]
 14702 | D:8      | Gained mutation: You are frail. (-10% HP) [Xom's mischief]
 14894 | D:9      | Lost mutation: You are partially covered in large bone
                  | plates. (SH +4) [potion of mutation]
 14894 | D:9      | Lost mutation: You passively dampen the noise of your
                  | surroundings. [potion of mutation]
 14894 | D:9      | Lost mutation: You are frail. (-10% HP) [potion of
                  | mutation]
 14894 | D:9      | Gained mutation: Potions are less effective at restoring
                  | your health. [potion of mutation]
 14894 | D:9      | Gained mutation: Your spells are a little easier to cast,
                  | but a little less powerful. [potion of mutation]
 14894 | D:9      | Gained mutation: You are strong-willed. (Will+) [potion of
                  | mutation]
 14946 | D:9      | XOM: swap monsters
 14967 | D:8      | XOM: summons 3 friendly demons
 15180 | D:9      | XOM: enchant monster (bad)
 15261 | D:9      | XOM: confuse monster(s)
 15268 | D:9      | XOM: potion effect (might)
 15270 | D:9      | Noticed Psyche
 15272 | D:9      | XOM: stat loss: -1 Dex (24/25)
 15275 | D:9      | Killed Psyche
 15302 | D:9      | Noticed a gargoyle
 15352 | D:9      | XOM: give mutations
 15352 | D:9      | Gained mutation: You possess an exceptional clarity of
                  | mind. [Xom's mischief]
 15352 | D:9      | Lost mutation: Potions are less effective at restoring your
                  | health. [Xom's mischief]
 15352 | D:9      | Gained mutation: You are occasionally teleported next to
                  | monsters. [Xom's mischief]
 15361 | D:9      | Killed a gargoyle
 15513 | D:9      | XOM: 1-stop teleportation journey
 15658 | D:9      | Found a shimmering altar of Xom.
 15829 | D:10     | XOM: blink monster(s)
 16029 | D:10     | Noticed a gargoyle
 16038 | D:10     | XOM: cleaving
 16040 | D:10     | Killed a gargoyle
 16109 | D:10     | XOM: give mutations
 16109 | D:10     | Lost mutation: Your spells are a little easier to cast, but
                  | a little less powerful. [Xom's mischief]
 16109 | D:10     | Gained mutation: You are dopey. (Int -2) [Xom's mischief]
 16109 | D:10     | Gained mutation: Your body sometimes deteriorates upon
                  | taking damage. [Xom's mischief]
 16109 | D:10     | Gained mutation: You occasionally shout uncontrollably at
                  | your foes. [Xom's mischief]
 16197 | D:10     | XOM: chaos cloud
 16206 | D:10     | Paralysed by you for 7 turns
 16294 | D:9      | XOM: torment (11/46 hp)
 16568 | D:10     | XOM: 6-stop teleportation journey
 16574 | D:10     | XOM: give mutation
 16574 | D:10     | Lost mutation: You are strong-willed. (Will+) [Xom's
                  | mischief]
 16579 | D:10     | Noticed Maurice
 16587 | D:10     | Killed Maurice
 16587 | D:10     | XOM: summons 6 hostile demons
 16769 | D:10     | XOM: stat loss: -1 Str (6/8)
 16802 | D:10     | Found a glowing golden altar of the Shining One.
 16817 | D:10     | XOM: stat loss: -1 Int (12/13)
 17099 | D:10     | Noticed a skeletal warrior
 17099 | D:10     | Found the +5 scythe "Finisher" {speed, eviscerate}
 17104 | D:10     | Killed a skeletal warrior
 17105 | D:10     | Reached XP level 11. HP: 49/49 MP: 17/17
 17168 | D:10     | XOM: divination: detect items
 17308 | D:10     | XOM: silly message
 17549 | D:11     | XOM: cast spell 'Alistair's Intoxication'
 17567 | D:11     | XOM: divination: magic mapping
 17890 | D:11     | Noticed a six-headed hydra
 17891 | D:11     | Noticed a ghost moth
 17891 | D:11     | a six-headed hydra changed into a ghost moth
 17891 | D:11     | XOM: noise
 17893 | D:11     | XOM: silly message
 17894 | D:11     | XOM: silly message
 17897 | D:11     | XOM: noise
 17897 | D:11     | XOM: smoke on damage
 18099 | D:11     | XOM: silly message
 18477 | D:11     | XOM: divination: magic mapping
 18675 | D:11     | XOM: silly message
 18748 | D:11     | Slain by a vampire mosquito

Illustrated notes

Levels and vault maps discovered:
D:1:      noname_arrival_rooms_in_the_neighbourhood, layout_loops_ring
D:2:      layout_loops_ring, shapermc_ecumenical_altar_pompeii, serial_shops,
          shop, shop, uniq_jessica
D:3:      minmay_recursive_quarters, layout_basic, grunt_dithmenos_smoke,
          mainiacjoe_overflow_cross_hatched, nicolae_kikubaaqudgha_miasma_corner
D:4:      layout_loops_ring, lemuel_tele_altar, st_stairs_4
D:5:      layout_gridville, trog_wizard
D:6:      layout_basic, mainiacjoe_overflow_catwalk,
          nicolae_qazlal_scattered_showers, temple_hall_moat
D:7:      layout_loops_ring, lemuel_round_altar, nicolae_ossuary_entry_giza,
          uniq_pikel, uniq_menkaure, uniq_duvessa, uniq_joseph
D:8:      layout_basic, mainiacjoe_overflow_small_starburst,
          nicolae_overflow_squiral, hellmonk_ghost_happy_afterlife
D:9:      layout_cave_pools, mainiacjoe_overflow_paths,
          erik_lair_orcish_takeover, erik_orc_3, enter_bailey_4, uniq_psyche
D:10:     layout_roguey, mainiacjoe_overflow_alcove_4, grunt_decor_junction,
          minmay_misc_feat_rugged, minmay_crystal_water,
          minmay_guarded_unrand_finisher, uniq_maurice
D:11:     layout_basic, dreamdust_mushroom_princess

Skill      XL: |  1  2  3  4  5  6  7  8  9 10 |
---------------+-------------------------------+-----
Stealth        | 1 2 4 6 7 8 10 11 | 11.4
Evocations     | 1 2 3 4 5 6 |  6.6
Unarmed Combat | 4 6 8 10 11 | 11.9
Dodging        | 4 5 6 7 8 |  8.5
Transmutations | 2 3 4 5 |  5.0
Spellcasting   | 1 2 3 |  3.8
Fighting       | 5 6 |  6.8
Poison Magic   | |  0.2

Action                   |  1- 3 |  4- 6 |  7- 9 | 10-12 || total
-------------------------+-------+-------+-------+-------++-------
Melee: Unarmed           |    95 |   209 |   397 |   374 ||  1075
       Bite              |     9 |    24 |    48 |    45 ||   126
       Punch             |     1 |    13 |    27 |    23 ||    64
 Cast: Spider Form       |       |       |     2 |       ||     2
Evoke: Piece from Xom's  |     1 |    11 |    18 |    12 ||    42
       Wand              |       |     5 |    27 |     6 ||    38
  Use: Scroll            |       |     4 |     6 |     5 ||    15
       Potion            |       |     2 |     3 |     6 ||    11
 Stab: Distracted        |     1 |       |     3 |     2 ||     6
       Sleeping          |     2 |     8 |    22 |     8 ||    40
       Petrified         |       |     2 |     2 |     4 ||     8
       Invisible         |       |     1 |       |       ||     1
       Paralysed         |       |     2 |     3 |     1 ||     6
       Petrifying        |       |     2 |       |       ||     2
       Confused          |       |     1 |     3 |     1 ||     5
Armor: Skin              |     5 |    10 |     8 |     7 ||    30
Dodge: Dodged            |    75 |   156 |   308 |   368 ||   907
Block: Other             |       |       |       |     7 ||     7

Table legend: (Time is in decaauts)
 A = Elapsed time spent in this place.
 B = Non-inter-level travel time spent in this place.
 C = Inter-level travel time spent in this place.
 D = Time resting spent in this place.
 E = Time spent auto-exploring this place.
 F = Levels seen in this place.
 G = Mean time per level.
                   A        B        C        D        E       F      G
               +--------+--------+--------+--------+--------+-----+--------+
         Total |  16780 |  16128 |    652 |   6533 |   6396 |  13 | 1290.8 |
       Dungeon |  14767 |  14115 |    652 |   5284 |   6175 |  11 | 1342.5 |
       Ossuary |    530 |    530 |      0 |    212 |    175 |   1 |  530.0 |
        Bailey |   1482 |   1482 |      0 |   1036 |     44 |   1 | 1482.0 |
               +--------+--------+--------+--------+--------+-----+--------+

Top non-repeatable levels by time:
     D:8: 2822 daAuts
     D:6: 1593 daAuts
  Bailey: 1482 daAuts
     D:9: 1413 daAuts
     D:2: 1301 daAuts
    D:10: 1263 daAuts
     D:1: 1256 daAuts
     D:5: 1228 daAuts
     D:7: 1188 daAuts
     D:3: 1044 daAuts
    D:11: 891 daAuts
     D:4: 764 daAuts
 Ossuary: 530 daAuts
